ITL
ALLENTOWN HILLBILLIES @ TUSCALOOSA TROUT SLAYERS
04/07/2028
 
TOP OF THE 1ST
Allentown Hillbillies batting - Pitching for Tuscaloosa Trout Slayers : RHP Fernando Rodríguez
Pitching: RHP Fernando Rodríguez
Batting: RHB Dan Banks 0-0: Ball
1-0: Called Strike
1-1: Called Strike
1-2: Foul Ball, location: 2F
1-2: Ball
2-2: Fly out, F7 (Line Drive, 7D)
Batting: LHB George Knight 0-0: Ball
1-0: Ground out 3-1 (Groundball, 34)
Batting: RHB Donald Sanford 0-0: Ball
1-0: Fly out, F4 (Line Drive, 34D)
Top of the 1st over - 0 run(s), 0 hit(s), 0 error(s), 0 left on base; Allentown 0 - Tuscaloosa 0
BOTTOM OF THE 1ST
Tuscaloosa Trout Slayers batting - Pitching for Allentown Hillbillies : LHP Alberto Maldonado
Pitching: LHP Alberto Maldonado
Batting: RHB Lowie van den Bogaert 0-0: Called Strike
0-1: Swinging Strike
0-2: Ground out 5-3 (Groundball, 56)
Batting: RHB Alfredo Díaz 0-0: Ball
1-0: Ball
2-0: Called Strike
2-1: Called Strike
2-2: Ball
3-2: Base on Balls
Batting: RHB José Ortega 0-0: Called Strike
0-1: Ball
1-1: Foul Ball, location: 2F
1-2: Ball
2-2: Grounds into double play, 6-4-3 (Groundball, 6)
Bottom of the 1st over - 0 run(s), 0 hit(s), 0 error(s), 0 left on base; Allentown 0 - Tuscaloosa 0
TOP OF THE 2ND
Allentown Hillbillies batting - Pitching for Tuscaloosa Trout Slayers : RHP Fernando Rodríguez
Batting: RHB António Yánez 0-0: Called Strike
0-1: Called Strike
0-2: Ball
1-2: Fly out, F2 (Popup, 2L)
Batting: RHB Millard Stark 0-0: Fly out, F8 (Flyball, 8RD)
Batting: LHB Marcos Vargas 0-0: Called Strike
0-1: Ball
1-1: Foul Ball, location: 2F
1-2: Fly out, F9 (Flyball, 9)
Top of the 2nd over - 0 run(s), 0 hit(s), 0 error(s), 0 left on base; Allentown 0 - Tuscaloosa 0
BOTTOM OF THE 2ND
Tuscaloosa Trout Slayers batting - Pitching for Allentown Hillbillies : LHP Alberto Maldonado
Batting: RHB Shigemasa Ishida 0-0: Called Strike
0-1: Swinging Strike
0-2: Ball
1-2: Foul Ball, location: 2F
1-2: Reached on error, E6 (Groundball, 6)
Batting: RHB José Fernández 0-0: Called Strike
Pickoff Throw by Catcher to First - Out!
0-1: Foul Ball, location: 2F
0-2: Strikes out swinging
Batting: LHB Ed Hart 0-0: Ball
1-0: Swinging Strike
1-1: Called Strike
1-2: Strikes out swinging
Bottom of the 2nd over - 0 run(s), 0 hit(s), 1 error(s), 0 left on base; Allentown 0 - Tuscaloosa 0
TOP OF THE 3RD
Allentown Hillbillies batting - Pitching for Tuscaloosa Trout Slayers : RHP Fernando Rodríguez
Batting: RHB Germano Labrego 0-0: Ball
1-0: Called Strike
1-1: Foul Ball, location: 2F
1-2: Ground out 6-3 (Groundball, 6)
Batting: LHB Eduardo Rodríguez 0-0: Ball
1-0: Called Strike
1-1: Ball
2-1: Ball
3-1: Base on Balls
Batting: RHB Joel Jackson 0-0: Called Strike
0-1: Ball
1-1: Ball
2-1: Ball
3-1: Foul Ball, location: 2F
3-2: DOUBLE (Flyball, 78XD)
Eduardo Rodríguez to third
Eduardo Rodríguez scores
Batting: RHB Dan Banks 0-0: Ball
1-0: Ball
2-0: Swinging Strike
2-1: Foul Ball, location: 2F
2-2: Ground out U3 (Groundball, 34D)
Joel Jackson to third
Batting: LHB George Knight 0-0: Called Strike
0-1: Called Strike
0-2: Ball
1-2: Foul Ball, location: 2F
1-2: Ground out 6-3 (Groundball, 6)
Top of the 3rd over - 1 run(s), 1 hit(s), 0 error(s), 1 left on base; Allentown 1 - Tuscaloosa 0
BOTTOM OF THE 3RD
Tuscaloosa Trout Slayers batting - Pitching for Allentown Hillbillies : LHP Alberto Maldonado
Batting: RHB Jason Saunders 0-0: Foul Ball, location: 2F
0-1: Ball
1-1: Ball
2-1: Swinging Strike
2-2: Foul Ball, location: 2F
2-2: Fly out, F7 (Line Drive, 78XD)
Batting: LHB Miguel Rosa 0-0: Called Strike
0-1: Called Strike
0-2: Ball
1-2: Fly out, F3 (Popup, 34D)
Batting: RHB Claudio Gonzáles 0-0: Ball
1-0: Foul Ball, location: 2F
1-1: Foul Ball, location: 2F
1-2: Fly out, F8 (Flyball, 8LD)
Bottom of the 3rd over - 0 run(s), 0 hit(s), 0 error(s), 0 left on base; Allentown 1 - Tuscaloosa 0
TOP OF THE 4TH
Allentown Hillbillies batting - Pitching for Tuscaloosa Trout Slayers : RHP Fernando Rodríguez
Batting: RHB Donald Sanford 0-0: Ball
1-0: Ground out 4-3 (Groundball, 4MD)
Batting: RHB António Yánez 0-0: Ball
1-0: Ball
2-0: Fly out, F3 (Popup, 3L)
Batting: RHB Millard Stark 0-0: Called Strike
0-1: Ball
1-1: Ball
2-1: Called Strike
2-2: Fly out, F8 (Flyball, 8LXD)
Top of the 4th over - 0 run(s), 0 hit(s), 0 error(s), 0 left on base; Allentown 1 - Tuscaloosa 0
BOTTOM OF THE 4TH
Tuscaloosa Trout Slayers batting - Pitching for Allentown Hillbillies : LHP Alberto Maldonado
Batting: RHB Lowie van den Bogaert 0-0: Ball
1-0: Foul Ball, location: 2F
1-1: Ball
2-1: Ball
3-1: Called Strike
3-2: Foul Ball, location: 2F
3-2: Base on Balls
Batting: RHB Alfredo Díaz 0-0: Ball
1-0: Ball
2-0: Ball
3-0: Called Strike
3-1: Foul Ball, location: 2F
3-2: Foul Ball, location: 2F
3-2: Base on Balls
Lowie van den Bogaert to second
Pitching: LHP Emílio Trevino
Batting: RHB José Ortega 0-0: Ball
1-0: Foul Ball, location: 2F
1-1: Swinging Strike
1-2: Ball
2-2: Ball
3-2: Strikes out swinging
Lowie van den Bogaert is caught stealing 3rd base
Batter strikes out.
Alfredo Díaz to second
Batting: RHB Shigemasa Ishida 0-0: Called Strike
0-1: SINGLE (Line Drive, 56)
Alfredo Díaz to third
Runner from 3rd tries for Home, SAFE, no throw
Batting: RHB José Fernández 0-0: Ball
1-0: Ball
2-0: SINGLE (Flyball, 8LS)
Shigemasa Ishida to second
Batting: LHB Ed Hart 0-0: Ball
1-0: Ball
2-0: Called Strike
2-1: Ball
3-1: Base on Balls
Shigemasa Ishida to third
José Fernández to second
Batting: RHB Jason Saunders 0-0: Fly out, F8 (Line Drive, 78M)
Bottom of the 4th over - 1 run(s), 2 hit(s), 0 error(s), 3 left on base; Allentown 1 - Tuscaloosa 1
TOP OF THE 5TH
Allentown Hillbillies batting - Pitching for Tuscaloosa Trout Slayers : RHP Fernando Rodríguez
Batting: LHB Marcos Vargas 0-0: Ball
1-0: Reached on error, E6 (Groundball, 6)
Batting: RHB Germano Labrego 0-0: DOUBLE (Line Drive, 7LD)
Marcos Vargas to third
Batting: LHB Eduardo Rodríguez 0-0: Ball
1-0: Called Strike
1-1: Ball
2-1: Ball
3-1: Swinging Strike
3-2: Strikes out swinging
Batting: RHB Joel Jackson 0-0: Called Strike
0-1: Ball
1-1: Ball
2-1: SINGLE (Groundball, 6M)
Marcos Vargas scores
Germano Labrego to third
Runner from 3rd tries for Home, SAFE, throw made home
Batting: RHB Dan Banks 0-0: Fly out, F8 (Flyball, 78M)
Batting: LHB George Knight 0-0: Ball
1-0: Ball
2-0: Ball
3-0: Base on Balls
Joel Jackson to second
Batting: RHB Donald Sanford 0-0: Foul Ball, location: 2F
0-1: Called Strike
0-2: Strikes out swinging
Top of the 5th over - 2 run(s), 2 hit(s), 1 error(s), 2 left on base; Allentown 3 - Tuscaloosa 1
BOTTOM OF THE 5TH
Tuscaloosa Trout Slayers batting - Pitching for Allentown Hillbillies : LHP Emílio Trevino
Batting: LHB Miguel Rosa 0-0: Ball
1-0: Ball
2-0: Foul Ball, location: 2F
2-1: Ball
3-1: Swinging Strike
3-2: Foul Ball, location: 2F
3-2: Strikes out swinging
Batting: RHB Claudio Gonzáles 0-0: Foul Ball, location: 2F
0-1: Ball
1-1: Foul Ball, location: 2F
1-2: Strikes out swinging
Batting: RHB Lowie van den Bogaert 0-0: Ball
1-0: Ball
2-0: Called Strike
2-1: Ball
3-1: Base on Balls
Batting: RHB Alfredo Díaz 0-0: Ball
1-0: Ball
2-0: Ball
3-0: Called Strike
3-1: Base on Balls
Lowie van den Bogaert to second
Batting: RHB José Ortega 0-0: Called Strike
0-1: Ball
1-1: Ball
2-1: Foul Ball, location: 2F
2-2: Fly out, F8 (Flyball, 8RD)
Bottom of the 5th over - 0 run(s), 0 hit(s), 0 error(s), 2 left on base; Allentown 3 - Tuscaloosa 1
TOP OF THE 6TH
Allentown Hillbillies batting - Pitching for Tuscaloosa Trout Slayers : RHP Fernando Rodríguez
Batting: RHB António Yánez 0-0: Swinging Strike
0-1: Swinging Strike
0-2: Ground out 5-3 (Groundball, 5)
Batting: RHB Millard Stark 0-0: Foul Ball, location: 2F
0-1: Ball
1-1: Ground out 4-3 (Groundball, 4MS)
Batting: LHB Marcos Vargas 0-0: Ball
1-0: Fly out, F9 (Line Drive, 9)
Top of the 6th over - 0 run(s), 0 hit(s), 0 error(s), 0 left on base; Allentown 3 - Tuscaloosa 1
BOTTOM OF THE 6TH
Tuscaloosa Trout Slayers batting - Pitching for Allentown Hillbillies : LHP Emílio Trevino
Batting: RHB Shigemasa Ishida 0-0: Called Strike
0-1: Ball
1-1: Called Strike
1-2: Foul Ball, location: 2F
1-2: Foul Ball, location: 2F
1-2: SINGLE (Groundball, 34D)
Batting: RHB José Fernández 0-0: Ball
1-0: Ball
2-0: Foul Ball, location: 2F
2-1: Foul Ball, location: 2F
2-2: Foul Ball, location: 2F
2-2: SINGLE (Groundball, 6MD)
Shigemasa Ishida to second
Pitching: LHP Nick Merrit
Batting: LHB Ed Hart 0-0: Called Strike
0-1: Foul Ball, location: 2F
0-2: Ball
1-2: Ball
2-2: Strikes out swinging
Batting: RHB Jason Saunders 0-0: Called Strike
0-1: Foul Ball, location: 2F
0-2: Foul Ball, location: 2F
0-2: Strikes out swinging
Batting: LHB Miguel Rosa 0-0: Ball
1-0: Fly out, F7 (Flyball, 7LD)
Bottom of the 6th over - 0 run(s), 2 hit(s), 0 error(s), 2 left on base; Allentown 3 - Tuscaloosa 1
TOP OF THE 7TH
Allentown Hillbillies batting - Pitching for Tuscaloosa Trout Slayers : RHP Fernando Rodríguez
Pitching: LHP Luis López
Batting: RHB Germano Labrego 0-0: Called Strike
0-1: Ball
1-1: Ball
2-1: SINGLE (Line Drive, 8LS)
Batting: LHB Eduardo Rodríguez 0-0: Ball
1-0: Bunt - Flyout! F1
Batting: RHB Joel Jackson 0-0: Ball
1-0: Called Strike
1-1: Foul Ball, location: 2F
1-2: Ball
2-2: Fly out, F8 (Flyball, 8LD)
Batting: RHB Dan Banks 0-0: SINGLE (Line Drive, 8LS)
Germano Labrego to second
Pinch Hitting: RHB Diego Rivera 0-0: Ground out 5-3 (Groundball, 5S)
Top of the 7th over - 0 run(s), 2 hit(s), 0 error(s), 2 left on base; Allentown 3 - Tuscaloosa 1
BOTTOM OF THE 7TH
Tuscaloosa Trout Slayers batting - Pitching for Allentown Hillbillies : LHP Nick Merrit
Now in CF: Diego Rivera
Batting: RHB Claudio Gonzáles 0-0: Called Strike
0-1: Fly out, F9 (Flyball, 9S)
Batting: RHB Lowie van den Bogaert 0-0: Ball
1-0: Ball
2-0: Ball
3-0: Called Strike
3-1: Called Strike
3-2: Base on Balls
Batting: RHB Alfredo Díaz 0-0: Ball
1-0: Called Strike
1-1: Ball
2-1: Fly out, F4 (Popup, 34D)
Batting: RHB José Ortega 0-0: Ball
1-0: Ball
2-0: Called Strike
2-1: Called Strike
2-2: Ball
3-2: Base on Balls
Lowie van den Bogaert to second
Batting: RHB Shigemasa Ishida 0-0: Ball
1-0: Called Strike
1-1: Foul Ball, location: 2F
1-2: SINGLE (Groundball, 56D)
Lowie van den Bogaert to third
José Ortega to second
Runner from 3rd tries for Home, SAFE, no throw
Batting: RHB José Fernández 0-0: Foul Ball, location: 2F
0-1: DOUBLE (Line Drive, 78D)
José Ortega scores
Shigemasa Ishida to third
Runner from 3rd tries for Home, SAFE, no throw
Pitching: RHP Jorge Ruíz
Batting: LHB Ed Hart 0-0: Ball
1-0: Ground out 4-3 (Groundball, 34)
Bottom of the 7th over - 3 run(s), 2 hit(s), 0 error(s), 1 left on base; Allentown 3 - Tuscaloosa 4
TOP OF THE 8TH
Allentown Hillbillies batting - Pitching for Tuscaloosa Trout Slayers : LHP Luis López
Pitching: LHP Aaron Gibbs
Now in LF: Kurt Walter
Batting: RHB Donald Sanford 0-0: Foul Ball, location: 2F
0-1: Called Strike
0-2: Ball
1-2: Fly out, F8 (Flyball, 8LS)
Pitching: RHP Ronald Adams
Batting: RHB António Yánez 0-0: Ball
1-0: Ball
2-0: Called Strike
2-1: Ball
3-1: Called Strike
3-2: Strikes out swinging
Batting: RHB Millard Stark 0-0: Swinging Strike
0-1: Ball
1-1: Foul Ball, location: 2F
1-2: Strikes out swinging
Top of the 8th over - 0 run(s), 0 hit(s), 0 error(s), 0 left on base; Allentown 3 - Tuscaloosa 4
BOTTOM OF THE 8TH
Tuscaloosa Trout Slayers batting - Pitching for Allentown Hillbillies : RHP Jorge Ruíz
Batting: RHB Jason Saunders 0-0: Ball
1-0: Swinging Strike
1-1: DOUBLE (Line Drive, 89M)
Batting: LHB Miguel Rosa 0-0: Intentional Walk
Batting: RHB Claudio Gonzáles 0-0: Ball
1-0: Ball
2-0: Foul Ball, location: 2F
2-1: Ball
3-1: Base on Balls
Jason Saunders to third
Miguel Rosa to second
Pinch Hitting: LHB Marcos Villarreal 0-0: Fly out, F7 (Flyball, 7D)
Runner from 3rd tags up, SCORES, no throw
Miguel Rosa to third
Batting: RHB Alfredo Díaz 0-0: Fielders Choice at 2nd, 1-4 (Groundball, 15S)
Pinch Hitting: RHB César Reyes 0-0: Called Strike
0-1: Called Strike
0-2: Ball
1-2: Foul Ball, location: 2F
1-2: SINGLE (Groundball, 6MD)
Miguel Rosa scores
Alfredo Díaz to second
Runner from 2nd tries for 3rd, SAFE, no throw
Pitching: RHP Dale Downs
Batting: RHB Shigemasa Ishida 0-0: Ball
Pickoff Throw to First - Out!
Bottom of the 8th over - 2 run(s), 2 hit(s), 0 error(s), 0 left on base; Allentown 3 - Tuscaloosa 6
TOP OF THE 9TH
Allentown Hillbillies batting - Pitching for Tuscaloosa Trout Slayers : RHP Ronald Adams
Pitching: RHP Jesús Zapata
Now at SS: Tetsunori Ito
Now in CF: Pat Fullerton
Batting: LHB Marcos Vargas 0-0: Foul Ball, location: 2F
0-1: Ball
1-1: Called Strike
1-2: Strikes out swinging
Batting: RHB Germano Labrego 0-0: Called Strike
0-1: Ball
1-1: Ball
2-1: Foul Ball, location: 2F
2-2: Strikes out swinging
Batting: LHB Eduardo Rodríguez 0-0: Swinging Strike
0-1: Ball
1-1: Swinging Strike
1-2: Ball
2-2: Foul Ball, location: 2F
2-2: Ball
3-2: SOLO HOME RUN (Line Drive, 89XD), Distance : 415 ft
Batting: RHB Joel Jackson 0-0: Ball
1-0: Swinging Strike
1-1: Called Strike
1-2: Strikes out swinging
Top of the 9th over - 1 run(s), 1 hit(s), 0 error(s), 0 left on base; Allentown 4 - Tuscaloosa 6
Tuesday, August 8th, 2017 - OOTP Baseball 17.12 Build 75